WIN
BALTIMORE (WIN) ORIOLES @ PITTSBURGH (WIN) PIRATES
12/02/2046
 
TOP OF THE 1ST
Baltimore (WIN) Orioles batting - Pitching for Pittsburgh (WIN) Pirates : LHP Alfredo Carranza
Pitching: LHP Alfredo Carranza
Batting: RHB Travis Carter 0-0: Ball
1-0: Foul Ball, location: 2F
1-1: Ball
2-1: Foul Ball, location: 2F
2-2: Foul Ball, location: 2F
2-2: Foul Ball, location: 2F
2-2: Ball
3-2: Base on Balls
Batting: SHB Ben Pierce 0-0: Ball
1-0: Called Strike
1-1: Foul Ball, location: 2F
1-2: Ball
2-2: Strikes out swinging
Batting: RHB Vince Jackson 0-0: SINGLE (Groundball, 5S, EV 66.2 MPH) (infield hit)
Travis Carter to second
Batting: LHB Matt Patnaude 0-0: Called Strike
0-1: Ball
1-1: Ball
2-1: Fly out, F4 (Line Drive, 4MD, EV 64.4 MPH)
Batting: RHB Muneer Maudad 0-0: Foul Ball, location: 2F
0-1: Ball
1-1: Ball
2-1: Called Strike
2-2: Strikes out swinging
Top of the 1st over - 0 runs, 1 hit, 0 errors, 2 left on base; Baltimore (WIN) 0 - Pittsburgh (WIN) 0
BOTTOM OF THE 1ST
Pittsburgh (WIN) Pirates batting - Pitching for Baltimore (WIN) Orioles : RHP John Piccola
Pitching: RHP John Piccola
Batting: RHB Perry Dominey 0-0: Swinging Strike
0-1: Foul Ball, location: 2F
0-2: Ball
1-2: Ball
2-2: Strikes out swinging
Batting: RHB Richard Barrios 0-0: Called Strike
0-1: Ball
1-1: DOUBLE (Flyball, 8LD, EV 95.0 MPH)
Batting: RHB Jose Almonte 0-0: SINGLE (Flyball, 89S, EV 98.1 MPH)
Richard Barrios to third
Runner from 3rd tries for Home, SAFE, throw by RF to home
Batting: LHB Gregg Kellerman 0-0: Ball
1-0: 2-RUN HOME RUN (Flyball, 9LD, EV 96.9 MPH), Distance : 347 ft
Batting: RHB Mike Velazquez 0-0: Called Strike
0-1: Foul Ball, location: 2F
0-2: Foul Ball, location: 2F
0-2: Foul Ball, location: 2F
0-2: Ball
1-2: Foul Ball, location: 2F
1-2: Ball
2-2: Foul Ball, location: 2F
2-2: Foul Ball, location: 2F
2-2: Strikes out swinging
Batting: LHB Josh Aerni 0-0: Called Strike
0-1: Ball
1-1: Ball
2-1: Called Strike
2-2: Ball
3-2: Fly out, F8 (Flyball, 8RD, EV 80.6 MPH)
Bottom of the 1st over - 3 runs, 3 hits, 0 errors, 0 left on base; Baltimore (WIN) 0 - Pittsburgh (WIN) 3
TOP OF THE 2ND
Baltimore (WIN) Orioles batting - Pitching for Pittsburgh (WIN) Pirates : LHP Alfredo Carranza
Batting: RHB Edwin Ramos 0-0: Called Strike
0-1: Swinging Strike
0-2: Strikes out swinging
Batting: RHB Kory Sanchez 0-0: Ball
1-0: Ball
2-0: SINGLE (Line Drive, 3L, EV 105.0 MPH)
Batting: RHB Tony Logan 0-0: Ball
1-0: Ball
2-0: Foul Ball, location: 2F
2-1: Foul Ball, location: 2F
2-2: Ball
3-2: Foul Ball, location: 2F
3-2: Strikes out looking
Batting: RHB John Gray 0-0: Ball
1-0: Called Strike
1-1: Ball
2-1: Foul Ball, location: 2F
2-2: Foul Ball, location: 2F
2-2: Ball
3-2: Foul Ball, location: 2F
3-2: Foul Ball, location: 2F
3-2: 2-RUN HOME RUN (Flyball, 7D, EV 95.0 MPH), Distance : 367 ft
Batting: RHB Travis Carter 0-0: Foul Ball, location: 2F
0-1: Foul Ball, location: 2F
0-2: Ground out 6-3 (Groundball, 6, EV 86.2 MPH)
Top of the 2nd over - 2 runs, 2 hits, 0 errors, 0 left on base; Baltimore (WIN) 2 - Pittsburgh (WIN) 3
BOTTOM OF THE 2ND
Pittsburgh (WIN) Pirates batting - Pitching for Baltimore (WIN) Orioles : RHP John Piccola
Batting: LHB Ruben Garza 0-0: Ball
1-0: Ball
2-0: Foul Ball, location: 2F
2-1: SOLO HOME RUN (Flyball, 9D, EV 96.2 MPH), Distance : 386 ft
Batting: RHB Ken Manser 0-0: Ball
1-0: Ball
2-0: Foul Ball, location: 2F
2-1: Ball
3-1: Foul Ball, location: 2F
3-2: Foul Ball, location: 2F
3-2: Base on Balls
Batting: RHB Alex Arzate 0-0: Called Strike
0-1: Foul Ball, location: 2F
0-2: Ball
1-2: Ball
Ken Manser is caught stealing 2nd base 2-4
2-2: Foul Ball, location: 2F
2-2: Ball
3-2: Ground out 1-3 (Groundball, 15, EV 68.8 MPH)
Batting: RHB Perry Dominey 0-0: Ball
1-0: Ball
2-0: Ground out 5-3 (Groundball, 56, EV 101.9 MPH)
Bottom of the 2nd over - 1 run, 1 hit, 0 errors, 0 left on base; Baltimore (WIN) 2 - Pittsburgh (WIN) 4
TOP OF THE 3RD
Baltimore (WIN) Orioles batting - Pitching for Pittsburgh (WIN) Pirates : LHP Alfredo Carranza
Batting: SHB Ben Pierce 0-0: Called Strike
0-1: Ball
1-1: Ball
2-1: Foul Ball, location: 2F
2-2: Strikes out swinging
Batting: RHB Vince Jackson 0-0: Swinging Strike
0-1: Foul Ball, location: 2F
0-2: Ground out 6-3 (Groundball, 6M, EV 102.5 MPH)
Batting: LHB Matt Patnaude 0-0: Ground out 4-3 (Groundball, 4M, EV 84.4 MPH)
Top of the 3rd over - 0 runs, 0 hits, 0 errors, 0 left on base; Baltimore (WIN) 2 - Pittsburgh (WIN) 4
BOTTOM OF THE 3RD
Pittsburgh (WIN) Pirates batting - Pitching for Baltimore (WIN) Orioles : RHP John Piccola
Batting: RHB Richard Barrios 0-0: Ground out 5-3 (Groundball, 5, EV 85.6 MPH)
Batting: RHB Jose Almonte 0-0: Ball
1-0: Called Strike
1-1: Swinging Strike
1-2: Strikes out swinging
Batting: LHB Gregg Kellerman 0-0: Ball
1-0: Called Strike
1-1: Ball
2-1: Fly out, F7 (Flyball, 78M, EV 88.1 MPH)
Bottom of the 3rd over - 0 runs, 0 hits, 0 errors, 0 left on base; Baltimore (WIN) 2 - Pittsburgh (WIN) 4
TOP OF THE 4TH
Baltimore (WIN) Orioles batting - Pitching for Pittsburgh (WIN) Pirates : LHP Alfredo Carranza
Batting: RHB Muneer Maudad 0-0: Ball
1-0: Ground out 3-1 (Groundball, 34, EV 84.4 MPH)
Batting: RHB Edwin Ramos 0-0: Foul Ball, location: 2F
0-1: Foul Ball, location: 2F
0-2: Strikes out swinging
Batting: RHB Kory Sanchez 0-0: Ball
1-0: Fly out, F7 (Flyball, BS1, EV 109.4 MPH)
Top of the 4th over - 0 runs, 0 hits, 0 errors, 0 left on base; Baltimore (WIN) 2 - Pittsburgh (WIN) 4
BOTTOM OF THE 4TH
Pittsburgh (WIN) Pirates batting - Pitching for Baltimore (WIN) Orioles : RHP John Piccola
Batting: RHB Mike Velazquez 0-0: Ball
1-0: Foul Ball, location: 2F
1-1: Hit by Pitch
Batting: LHB Josh Aerni 0-0: SINGLE (Groundball, 3D, EV 106.9 MPH)
Mike Velazquez to second
Runner from 2nd tries for 3rd, SAFE, throw by RF made to third
Batting: LHB Ruben Garza 0-0: Ball
1-0: Called Strike
1-1: Ball
2-1: Swinging Strike
2-2: Strikes out swinging
Batting: RHB Ken Manser 0-0: Called Strike
0-1: Ball
1-1: Swinging Strike
1-2: Foul Ball, location: 2F
1-2: Ball
2-2: DOUBLE (Flyball, 8RXD, EV 100.6 MPH)
Mike Velazquez scores
Josh Aerni to third
Runner from 3rd tries for Home, SAFE, throw by CF to home
Pitching: LHP Mark Gehring
Batting: RHB Alex Arzate 0-0: Called Strike
0-1: Ball
1-1: Ball
2-1: DOUBLE (Line Drive, 9LM, EV 110.0 MPH)
Ken Manser scores
Batting: RHB Perry Dominey 0-0: Ball
1-0: Ball
2-0: Foul Ball, location: 2F
2-1: Foul Ball, location: 2F
2-2: Strikes out swinging
Batting: RHB Richard Barrios 0-0: Ball
1-0: Ball
2-0: Called Strike
2-1: Swinging Strike
2-2: Ball
3-2: Fly out, F7 (Line Drive, 7D, EV 105.6 MPH)
Bottom of the 4th over - 3 runs, 3 hits, 0 errors, 1 left on base; Baltimore (WIN) 2 - Pittsburgh (WIN) 7
TOP OF THE 5TH
Baltimore (WIN) Orioles batting - Pitching for Pittsburgh (WIN) Pirates : LHP Alfredo Carranza
Batting: RHB Tony Logan 0-0: Ball
1-0: Called Strike
1-1: Ball
2-1: Fly out, F9 (Flyball, 9D, EV 89.4 MPH)
Batting: RHB John Gray 0-0: Ball
1-0: Ball
2-0: Ball
3-0: Base on Balls
Batting: RHB Travis Carter 0-0: Called Strike
0-1: Foul Ball, location: 2F
0-2: Grounds into double play, 5-4-3 (Groundball, 56, EV 103.1 MPH)
Top of the 5th over - 0 runs, 0 hits, 0 errors, 0 left on base; Baltimore (WIN) 2 - Pittsburgh (WIN) 7
BOTTOM OF THE 5TH
Pittsburgh (WIN) Pirates batting - Pitching for Baltimore (WIN) Orioles : LHP Mark Gehring
Batting: RHB Jose Almonte 0-0: Ball
1-0: Called Strike
1-1: Ball
2-1: Ball
3-1: Foul Ball, location: 2F
3-2: Ground out U3 (Groundball, 3, EV 85.6 MPH)
Batting: LHB Gregg Kellerman 0-0: Ball
1-0: Swinging Strike
1-1: Ball
2-1: Swinging Strike
2-2: Ball
3-2: Strikes out looking
Batting: RHB Mike Velazquez 0-0: Called Strike
0-1: Ball
1-1: SINGLE (Groundball, 4MD, EV 99.4 MPH)
Batting: LHB Josh Aerni 0-0: Called Strike
0-1: Ball
1-1: TRIPLE (Flyball, 78XD, EV 106.2 MPH)
Mike Velazquez scores
Batting: LHB Ruben Garza 0-0: Ball
1-0: Swinging Strike
1-1: Called Strike
1-2: Strikes out swinging
Bottom of the 5th over - 1 run, 2 hits, 0 errors, 1 left on base; Baltimore (WIN) 2 - Pittsburgh (WIN) 8
TOP OF THE 6TH
Baltimore (WIN) Orioles batting - Pitching for Pittsburgh (WIN) Pirates : LHP Alfredo Carranza
Batting: SHB Ben Pierce 0-0: Foul Ball, location: 2F
0-1: Foul Ball, location: 2F
0-2: Strikes out swinging
Batting: RHB Vince Jackson 0-0: Called Strike
0-1: Ball
1-1: Ball
2-1: Called Strike
2-2: Ball
3-2: Base on Balls
Batting: LHB Matt Patnaude 0-0: Called Strike
0-1: Ball
1-1: Ball
2-1: Grounds out, U3 (Groundball, 3L, EV 94.4 MPH)
Batting: RHB Muneer Maudad 0-0: Ground out 6-3 (Groundball, 6, EV 80.6 MPH)
Top of the 6th over - 0 runs, 0 hits, 0 errors, 1 left on base; Baltimore (WIN) 2 - Pittsburgh (WIN) 8
BOTTOM OF THE 6TH
Pittsburgh (WIN) Pirates batting - Pitching for Baltimore (WIN) Orioles : LHP Mark Gehring
Batting: RHB Ken Manser 0-0: Ball
1-0: Ball
2-0: Called Strike
2-1: Ball
3-1: Foul Ball, location: 2F
3-2: Foul Ball, location: 2F
3-2: Foul Ball, location: 2F
3-2: Foul Ball, location: 2F
3-2: Strikes out looking
Batting: RHB Alex Arzate 0-0: Ball
1-0: Ball
2-0: Ball
3-0: Base on Balls
Pitching: RHP Ryan Hemmerich
Batting: RHB Perry Dominey 0-0: Ball
1-0: Swinging Strike
1-1: SINGLE (Groundball, 6MD, EV 96.9 MPH)
Alex Arzate to second
Runner from 2nd tries for 3rd, OUT! 8-5
Batting: RHB Richard Barrios 0-0: Ball
1-0: Called Strike
1-1: Foul Ball, location: 2F
1-2: Fly out, F8 (Flyball, 8RD, EV 96.9 MPH)
Bottom of the 6th over - 0 runs, 1 hit, 0 errors, 1 left on base; Baltimore (WIN) 2 - Pittsburgh (WIN) 8
TOP OF THE 7TH
Baltimore (WIN) Orioles batting - Pitching for Pittsburgh (WIN) Pirates : LHP Alfredo Carranza
Batting: RHB Edwin Ramos 0-0: Ball
1-0: Called Strike
1-1: Ball
2-1: Called Strike
2-2: Strikes out swinging
Batting: RHB Kory Sanchez 0-0: Called Strike
0-1: Foul Ball, location: 2F
0-2: Ball
1-2: Fly out, F8 (Line Drive, 8LM, EV 96.2 MPH)
Batting: RHB Tony Logan 0-0: Swinging Strike
0-1: Ball
1-1: Ball
2-1: Foul Ball, location: 2F
2-2: Foul Ball, location: 2F
2-2: Ball
3-2: Ground out 6-3 (Groundball, 6M, EV 109.4 MPH)
Top of the 7th over - 0 runs, 0 hits, 0 errors, 0 left on base; Baltimore (WIN) 2 - Pittsburgh (WIN) 8
BOTTOM OF THE 7TH
Pittsburgh (WIN) Pirates batting - Pitching for Baltimore (WIN) Orioles : RHP Ryan Hemmerich
Batting: RHB Jose Almonte 0-0: Ball
1-0: Ball
2-0: Swinging Strike
2-1: Fly out, F9 (Flyball, 9D, EV 98.8 MPH)
Batting: LHB Gregg Kellerman 0-0: Called Strike
0-1: Called Strike
0-2: Ball
1-2: Foul Ball, location: 2F
1-2: Strikes out swinging
Batting: RHB Mike Velazquez 0-0: Ball
1-0: Swinging Strike
1-1: Ball
2-1: Called Strike
2-2: Hit by Pitch
Batting: LHB Josh Aerni 0-0: Ball
1-0: Ball
2-0: Swinging Strike
2-1: Foul Ball, location: 2F
2-2: Ball
3-2: Foul Ball, location: 2F
3-2: Strikes out looking
Bottom of the 7th over - 0 runs, 0 hits, 0 errors, 1 left on base; Baltimore (WIN) 2 - Pittsburgh (WIN) 8
TOP OF THE 8TH
Baltimore (WIN) Orioles batting - Pitching for Pittsburgh (WIN) Pirates : LHP Alfredo Carranza
Pitching: RHP Adam Monge
Batting: RHB John Gray 0-0: Foul Ball, location: 2F
0-1: Foul Ball, location: 2F
0-2: Foul Ball, location: 2F
0-2: SINGLE (Groundball, 6MD, EV 99.4 MPH)
Batting: RHB Travis Carter 0-0: Ball
1-0: SINGLE (Groundball, 4D, EV 106.9 MPH)
John Gray to second
Runner from 2nd tries for 3rd, SAFE, throw by CF made to third
Travis Carter to second
Batting: SHB Ben Pierce 0-0: Ball
1-0: Fly out, F8 (Flyball, 8RD, EV 82.5 MPH)
Runner from 3rd tags up, SCORES, throw by CF
Travis Carter to third
Pitching: LHP Norm Silveira-Wray
Batting: RHB Vince Jackson 0-0: Ground out 6-3 (Groundball, 6, EV 103.1 MPH)
Travis Carter scores
Batting: LHB Matt Patnaude 0-0: Foul Ball, location: 2F
0-1: Ball
1-1: Ball
2-1: Called Strike
2-2: Strikes out swinging
Top of the 8th over - 2 runs, 2 hits, 0 errors, 0 left on base; Baltimore (WIN) 4 - Pittsburgh (WIN) 8
BOTTOM OF THE 8TH
Pittsburgh (WIN) Pirates batting - Pitching for Baltimore (WIN) Orioles : RHP Ryan Hemmerich
Batting: LHB Ruben Garza 0-0: Called Strike
0-1: Ball
1-1: Fly out, F2 (Popup, 5SF, EV 80.0 MPH)
Batting: RHB Ken Manser 0-0: Foul Ball, location: 2F
0-1: Ball
1-1: Swinging Strike
1-2: Foul Ball, location: 2F
1-2: Ball
2-2: Foul Ball, location: 2F
2-2: Foul Ball, location: 2F
2-2: Foul Ball, location: 2F
2-2: Ball
3-2: Strikes out swinging
Batting: RHB Alex Arzate 0-0: Ball
1-0: SINGLE (Groundball, 56D, EV 96.9 MPH)
Pitching: RHP Mike Wheeler
Batting: RHB Perry Dominey 0-0: Called Strike
0-1: Foul Ball, location: 2F
0-2: Strikes out looking
Bottom of the 8th over - 0 runs, 1 hit, 0 errors, 1 left on base; Baltimore (WIN) 4 - Pittsburgh (WIN) 8
TOP OF THE 9TH
Baltimore (WIN) Orioles batting - Pitching for Pittsburgh (WIN) Pirates : LHP Norm Silveira-Wray
Batting: RHB Muneer Maudad 0-0: Ball
1-0: Called Strike
1-1: Fly out, F6 (Popup, 4M, EV 51.2 MPH)
Batting: RHB Edwin Ramos 0-0: Called Strike
0-1: Fly out, F3 (Popup, 3F, EV 55.0 MPH)
Batting: RHB Kory Sanchez 0-0: Ball
1-0: Called Strike
1-1: Ball
2-1: Ball
3-1: Ground out 1-3 (Groundball, 25, EV 68.8 MPH)
Top of the 9th over - 0 runs, 0 hits, 0 errors, 0 left on base; Baltimore (WIN) 4 - Pittsburgh (WIN) 8
Tuesday, September 13th , 2022 - OOTP Baseball 23.7 Build 88